 Dungeon Crawl Stone Soup version 0.27-a0-65-gfb268537a3 (webtiles) character file.

Game seed: 7617468039614610454

30 streetpizza the Insei (level 3, -4/23 HPs)
             Began as an Octopode Transmuter on Jan 8, 2021.
             Shot with an arrow by a centaur (12 damage)
             ... on level 2 of the Dungeon.
             The game lasted 00:02:56 (833 turns).

streetpizza the Insei (Octopode Transmuter)          Turns: 833, Time: 00:02:57

Health: -4/23      AC:  1    Str:  9    XL:     3   Next: 18%
Magic:  6/6        EV: 13    Int: 16    God:
Gold:   32         SH:  0    Dex: 12    Spells: 5/6 levels left

rFire    . . .     SeeInvis .     - Unarmed
rCold    . . .     Faith    .   (no shield)
rNeg     . . .     Spirit   .   (helmet restricted)
rPois    .         Reflect  .   (no amulet)
rElec    .         Harm     .   (no ring)
rCorr    .         Rampage  .   (no ring)
Will     .....                  (no ring)
Stlth    ++........             (no ring)
HPRegen  0.07/turn              (no ring)
MPRegen  0.10/turn              (no ring)
                                (no ring)
                                (no ring)

@: lethally poisoned (-4 -> -10)
A: almost no armour, stealthy swim, amphibious, 8 rings, constrict 8, camouflage
1, gelatinous body 1
a: no special abilities


You were on level 2 of the Dungeon.
You visited 1 branch of the dungeon, and saw 2 of its levels.

You collected 32 gold pieces.

Inventory:

Scrolls
 a - 2 scrolls of teleportation {unknown}
 b - 3 scrolls of fog {unknown}
 c - a scroll of enchant armour {unknown}
 d - a scroll of enchant weapon {unknown}
 h - 4 scrolls of identify {unknown}
 i - a scroll of random uselessness {unknown}
Potions
 e - a potion of lignification {unknown}
 f - a potion of brilliance {unknown}
 g - a potion of curing {unknown}


   Skills:
 + Level 1.5 Fighting
 + Level 2.3 Dodging
 + Level 3.2 Unarmed Combat
 + Level 2.3 Spellcasting
 + Level 2.3 Transmutations


You had 5 spell levels left.
You knew the following spells:

 Your Spells              Type           Power        Failure   Level
a - Beastly Appendage     Tmut           18%          8%          1

Your spell library contained the following spells:

 Spells                   Type           Power        Failure   Level
 Wereblood                Tmut           9%           12%         2
 Spider Form              Tmut/Pois      2%           36%         3
 Ice Form                 Ice/Tmut       5%           77%         4
 Blade Hands              Tmut           4%           91%         5


Dungeon Overview and Level Annotations

Branches:
Dungeon (2/15)

Altars:


Innate Abilities, Weirdness & Mutations

You cannot wear most types of armour.
You are very stealthy in the water. (Stealth+)
You are amphibious.
You can wear up to eight rings at the same time.
You can use your tentacles to constrict eight enemies at once.
Your skin changes colour to match your surroundings (Stealth+).
Your rubbery body absorbs attacks. (AC +1, EV +1)


Message History

The adder is severely wounded.
You constrict the adder. The adder bites you. The dart slug bites you.
You tentacle-slap the adder.
You kill the adder!
You feel sick.
You have reached level 3!
Your experience leads to an increase in your attributes!
Increase (S)trength, (I)ntelligence, or (D)exterity?
You feel clever.
You tentacle-slap the dart slug. You grab the dart slug.
The dart slug is heavily wounded.
You constrict the dart slug.
A centaur comes into view.
The dart slug barely misses you.
You tentacle-slap the dart slug.
You kill the dart slug!
The centaur wields a +0 shortbow.
The centaur shoots an arrow.
The arrow hits you!
Ouch! That really hurt!
You die...

#.....# #.....#
# #.....#..
#####........
#............
#............
#....†.......
#.<..@)......
#..?.†.c.....
..........#.###.
####......# #
#.......#
#.####### #. #.


You could see a centaur.

Vanquished Creatures
  An adder (D:2)
  A dart slug (D:2)
  A giant cockroach (D:1)
  6 goblins (D:1)
  3 hobgoblins (D:1)
  2 frilled lizards (D:1)
  4 kobolds
  4 rats (D:1)
22 creatures vanquished.

Notes
Turn   | Place    | Note
-------+----------+-------------------------------------------
     0 | D:1      | streetpizza the Octopode Transmuter began the quest for the
                  | Orb.
     0 | D:1      | Reached XP level 1. HP: 13/13 MP: 3/3
   140 | D:1      | Reached XP level 2. HP: 18/18 MP: 3/5
   832 | D:2      | Reached XP level 3. HP: 7/23 MP: 6/6
   832 | D:2      | Noticed a centaur
   833 | D:2      | Shot with an arrow by a centaur

Illustrated notes

Levels and vault maps discovered:
D:1:      dpeg_arrival_ternary, layout_rooms
D:2:      layout_basic, grunt_temple_overflow_holy_war,
          chequers_temple_overflow_minitemple, kennysheep_decorative_pillar,
          dk_noncrumbling_4

Action                   || total
-------------------------++-------
Melee: Unarmed           ||    44
       Constrict         ||    13
       Kick              ||     9
       Punch             ||     1
       Tentacles         ||     2
 Cast: Beastly Appendage ||     5
Dodge: Dodged            ||    27

Table legend: (Time is in decaauts)
 A = Elapsed time spent in this place.
 B = Non-inter-level travel time spent in this place.
 C = Inter-level travel time spent in this place.
 D = Time resting spent in this place.
 E = Time spent auto-exploring this place.
 F = Levels seen in this place.
 G = Mean time per level.
                   A        B        C        D        E       F      G
               +--------+--------+--------+--------+--------+-----+--------+
         Total |    829 |    800 |     29 |      0 |    669 |   2 |  414.5 |
       Dungeon |    829 |    800 |     29 |      0 |    669 |   2 |  414.5 |
               +--------+--------+--------+--------+--------+-----+--------+

Top non-repeatable levels by time:
     D:1: 816 daAuts
     D:2: 13 daAuts
